 Dungeon Crawl Stone Soup version 0.18.1-8-gdd0e5ea (webtiles) character file.

432 Jerry the Conjurer (level 6, -9/41 HPs)
             Began as a Demonspawn Wizard on May 24, 2016.
             Mangled by Menkaure (17 damage)
             ... on level 5 of the Dungeon.
             The game lasted 00:24:15 (4966 turns).

Jerry the Conjurer (Demonspawn Wizard)              Turns: 4966, Time: 00:24:17

Health: -9/41      AC:  5    Str: 13      XL:     6   Next: 67%
Magic:  19/19      EV: 11    Int: 21      God:
Gold:   139        SH:  0    Dex:  8 (11) Spells: 3 memorised, 5 levels left

rFire  . . .     SeeInvis .     E - +0 scythe
rCold  + . .     Gourm    .     a - +0 robe
rNeg   . . .     Faith    .     (shield currently unavailable)
rPois  .         Spirit   .     b - +0 hat
rElec  .         Dismiss  .     (no cloak)
rCorr  .         Reflect  .     (no gloves)
SustAt .         Harm     .     (no boots)
MR     .....                    (no amulet)
Stlth  ++........               (no ring)
                                z - ring of magical power

@: mighty, exhausted, slowed, very slow, not resistant to hostile enchantments,
unstealthy
A: molten scales 2, cold resistance 1, powered by pain 1
a: no special abilities


You were on level 5 of the Dungeon.
You were not hungry.

You visited 1 branch of the dungeon, and saw 5 of its levels.

You collected 139 gold pieces.

Inventory:

Hand Weapons
 f - a +0 hunting sling
 q - a +0 spear
 y - a +0 trident
 E - a +0 scythe (weapon)
Missiles
 u - 46 sling bullets (quivered)
Armour
 a - a +0 robe (worn)
 b - a +0 hat (worn)
Jewellery
 z - a ring of magical power (left hand)
 F - a cursed -2 ring of dexterity {unknown}
Wands
 o - a wand of disintegration (4/24)
 w - a wand of flame (27/48)
Scrolls
 e - 2 scrolls of immolation {unknown}
 g - a scroll of fog {unknown}
 k - 6 scrolls of identify {unknown}
 l - a scroll of recharging {unknown}
 m - 4 scrolls of teleportation {unknown}
 n - a scroll of fear {unknown}
 p - 7 scrolls of remove curse {unknown}
 t - a scroll of random uselessness {unknown}
Potions
 j - a potion of agility {unknown}
 r - 6 potions of curing {unknown}
 x - a potion of flight {unknown}
 A - a potion of lignification {unknown}
 D - a potion of degeneration {unknown}
Books
 c - a book of Minor Magic

   Spells                             Type                      Level
   a - Magic Dart                     Conjuration                  1
   b - Blink                          Translocation                2
   c - Call Imp                       Summoning                    2
   d - Repel Missiles                 Charms/Air                   2
   e - Slow                           Hexes                        2
   f - Conjure Flame                  Conjuration/Fire             3
   g - Mephitic Cloud                 Conjuration/Poison/Air       3
Comestibles
 d - 6 bread rations
 s - 7 fruits
 v - 2 beef jerkies
 B - a meat ration
 C - a chunk of flesh


   Skills:
 - Level 1.7 Dodging
 - Level 1.7 Stealth
 - Level 3.0 Spellcasting
 + Level 4.7 Conjurations
 + Level 4.5 Summonings
   Level 0.8 Translocations
 + Level 1.7 Fire Magic


You had 5 spell levels left.
You knew the following spells:

 Your Spells              Type           Power        Failure   Level  Hunger
a - Magic Dart            Conj           ###.         1%          1    None
b - Call Imp              Summ           ###.....     3%          2    ##.....
c - Conjure Flame         Conj/Fire      ###.....     14%         3    ###....


Dungeon Overview and Level Annotations

Branches:
Dungeon (5/15)
 Temple: D:4-7

Altars:
Nemelex Xobeh
Okawaru
Trog
Xom
Yredelemnul

Annotations:
D:5 Menkaure


Innate Abilities, Weirdness & Mutations

You are mostly covered in molten scales (AC +3, EV -1).
Your flesh is cold resistant.
You sometimes gain a little power by taking damage.


Message History

It was a potion of berserk rage.
A red film seems to cover your vision as you go berserk!
You feel yourself moving faster!
You feel mighty!
Your crimson imp hits Menkaure.
Your shadow imp hits Menkaure.
Menkaure misses your crimson imp.
Your crimson imp hits Menkaure but does no damage.
You are too injured to fight recklessly!
You feel a strong urge to attack something.
Your crimson imp blinks!
Your shadow imp hits Menkaure.
Menkaure closely misses your shadow imp.
Your crimson imp hits Menkaure but does no damage.
Menkaure closely misses your crimson imp.
Your shadow imp hits Menkaure.
You are too injured to fight recklessly!
You are too berserk!
You feel your anger subside.
You are no longer berserk.
You are exhausted.
You feel yourself slow down.
Your crimson imp hits Menkaure.
Menkaure hits you!
You die...

#..##........
##............
##..####.......
###..############
###.......## #
###.....†.....# #
#.............# #
#.............#
#.55@.........#
#...M..........#
#.............##
##..5.........#
#............#
#...........
#...........
##.........#


You could see Menkaure, 2 friendly crimson imps and a friendly shadow imp.

Vanquished Creatures
  A scorpion (D:4)
  A jelly (D:5)
  4 adders
  2 oozes
  A dart slug (D:1)
  5 giant geckos
  An orc (D:2)
  6 giant cockroaches
  6 goblins
  9 hobgoblins
  7 jackals (D:3)
  4 kobolds
  A quokka (D:2)
  A ball python (D:5)
  4 bats
  9 giant newts
  11 rats
73 creatures vanquished.

Vanquished Creatures (collateral kills)
  Sigmund (D:5)
  The ghost of Jerry the Covered, an amateur DsFi (D:3)
  A quasit (D:5)
  Jessica (D:2)
  Terence (D:2)
  A worker ant (D:4)
  A gnoll (D:1)
  3 adders
  An orc (D:3)
  A ball python (D:5)
  3 bats
  2 giant cockroaches (D:3)
  A goblin (D:1)
  A hobgoblin (D:1)
  4 jackals (D:3)
  2 kobolds (D:1)
  A quokka (D:2)
  A quokka zombie (D:5)
  A rat (D:1)
28 creatures vanquished.

Grand Total: 101 creatures vanquished

Notes
Turn   | Place    | Note
--------------------------------------------------------------
     0 | D:1      | Jerry the Demonspawn Wizard began the quest for the Orb.
     0 | D:1      | Reached XP level 1. HP: 13/13 MP: 4/4
   278 | D:1      | Gained mutation: You are partially covered in molten scales (AC +1). [demonic ancestry]
   278 | D:1      | Reached XP level 2. HP: 9/19 MP: 0/6
   458 | D:1      | Learned a level 2 spell: Call Imp
  1019 | D:1      | Gained mutation: You are mostly covered in molten scales (AC +3, EV -1). [demonic ancestry]
  1019 | D:1      | Reached XP level 3. HP: 19/24 MP: 2/7
  1424 | D:2      | Found an iron altar of Okawaru.
  1654 | D:2      | Found a sparkling altar of Nemelex Xobeh.
  1664 | D:2      | Found a basalt altar of Yredelemnul.
  1672 | D:2      | Gained mutation: Your flesh is cold resistant. [demonic ancestry]
  1672 | D:2      | Reached XP level 4. HP: 30/30 MP: 3/8
  1756 | D:2      | Found a bloodstained altar of Trog.
  1863 | D:2      | Found a shimmering altar of Xom.
  1912 | D:2      | Noticed Jessica
  1917 | D:2      | Killed Jessica
  2099 | D:2      | Noticed Terence
  2122 | D:2      | Killed Terence
  2489 | D:3      | Noticed Jerry's ghost (amateur DsFi)
  3238 | D:3      | Gained mutation: You sometimes gain a little power by taking damage. [demonic ancestry]
  3238 | D:3      | Reached XP level 5. HP: 34/35 MP: 9/9
  3603 | D:3      | Killed Jerry's ghost
  4144 | D:4      | Learned a level 3 spell: Conjure Flame
  4262 | D:4      | Reached XP level 6. HP: 41/41 MP: 10/10
  4297 | D:4      | Reached skill level 1 in Fire Magic
  4402 | D:5      | Entered Level 5 of the Dungeon
  4706 | D:5      | Noticed Sigmund
  4865 | D:5      | Killed Sigmund
  4958 | D:5      | Noticed Menkaure
  4966 | D:5      | Mangled by Menkaure

Skill      XL: |  1  2  3  4  5  6 |
---------------+-------------------+-----
Conjurations   | 2 3 4 |  4.7
Summonings     | 2 3 4 |  4.5
Fire Magic     | 1 |  1.7
Dodging        | |  1.7
Stealth        | |  1.7
Spellcasting   | |  3.0
Translocations | |  0.8

Action                   |  1- 3 |  4- 6 || total
-------------------------+-------+-------++-------
Melee: Hunting sling     |     3 |       ||     3
       Spear             |    47 |   117 ||   164
       Short sword       |     4 |       ||     4
       Trident           |       |    33 ||    33
       Scythe            |       |    16 ||    16
 Fire: Hunting sling     |    28 |    39 ||    67
 Cast: Magic Dart        |    34 |     9 ||    43
       Call Imp          |     8 |    34 ||    42
  Use: Potion            |       |     2 ||     2
 Stab: Sleeping          |       |     4 ||     4
       Distracted        |       |     1 ||     1
  Eat: Chunk             |     2 |    13 ||    15
Armor: Robe              |    23 |    92 ||   115
Dodge: Dodged            |    42 |   139 ||   181
